 Dungeon Crawl Stone Soup version 0.32-a0-928-g1cae6b7ea0 (webtiles) character file.

Game seed: 14932569252728879765

28 KennySheep the Chopper (level 2, -1/27 HPs)
             Began as a Mountain Dwarf Cinder Acolyte on Apr 12, 2024.
             Was a High Priest of Ignis.
             Succumbed to an adder's poison
             ... on level 2 of the Dungeon.
             The game lasted 00:03:32 (961 turns).

KennySheep the Chopper (MDCA)                        Turns: 961, Time: 00:03:32

Health: -1/27      AC: 10    Str: 16    XL:     2   Next: 96%
Magic:  3/3        EV: 10    Int: 14    God:    Ignis [*****.]
Gold:   51         SH:  0    Dex:  5    Spells: 3/3 levels left

rFire   + . .        a - -1 hand axe (flame)
rCold   . . .        (no shield)
rNeg    . . .        b - +0 robe
rPois   .            (no helmet)
rElec   .            (no cloak)
rCorr   .            (no gloves)
SInv    .            d - +0 pair of boots
Will    .....        (no amulet)
Stlth   +            (no ring)
HPRegen 0.24/turn    (no ring)
MPRegen 0.08/turn

%: no passive effects
@: lethally poisoned (-1 -> -7), fiery-armoured
A: runic magic, artefact enchanting
a: Renounce Religion, Fiery Armour, Foxfire Swarm, Rising Flame


You were on level 2 of the Dungeon.
You worshipped Ignis.
Ignis was extremely pleased with you.
You visited 1 branch of the dungeon, and saw 2 of its levels.

You collected 51 gold pieces.

Inventory:

Hand Weapons
 a - a -1 hand axe of flaming (weapon)
Missiles
 e - 5 curare-tipped darts (quivered)
Armour
 b - a +0 robe (worn)
 d - a +0 pair of boots (worn)
Scrolls
 c - 2 scrolls of identify {unknown}
 f - a scroll of enchant weapon {unknown}


   Skills:
 + Level 3.8 Fighting
 + Level 4.1(4.3) Axes
 + Level 1.6(3.1) Maces & Flails
 - Level 1.0 Spellcasting
 - Level 3.6 Fire Magic


You had 3 spell levels left.
You didn't know any spells.
Your spell library contained the following spells:

 Spells                   Type           Power      Damage    Failure   Level
 Scorch                   Fire           20%        2d5       9%          2
 Shock                    Conj/Air       0%         1d3       26%         1
 Swiftness                Air            0%         N/A       61%         3
 Airstrike                Air            0%         2d(0-16)  95%         4


Dungeon Overview and Level Annotations

Branches:
Dungeon (2/15)

Altars:

Shops:
D:2 :


Innate Abilities, Weirdness & Mutations

Your spellcasting is much less encumbered by armour.
You can use scrolls of enchantment on lesser artefacts.


Message History

You hit the adder but do no damage.
You feel sick.
You are no longer poisoned.
The adder bites you. The adder misses you.
You miss the adder. The adder misses you.
You hit the adder. You burn the adder.
The adder is lightly wounded.
The adder closely misses you. The adder bites you.
You barely miss the adder.
The adder is lightly wounded.
The adder bites you.
You miss the adder.
The adder is lightly wounded.
The adder closely misses you. The adder bites you.
You barely miss the adder.
The adder is lightly wounded.
The adder bites you.
* * * LOW HITPOINT WARNING * * *
You are poisoned.
The adder poisons you!
You aren't carrying any potions.
Unknown command.
A protective cloak of flame settles atop you.
You feel sick. The adder closely misses you.
You closely miss the adder.
The adder is lightly wounded.
You feel sick. The adder closely misses you. The adder bites you.
* * * LOW HITPOINT WARNING * * *
You are more poisoned.
The adder poisons you!
The adder is burned by your cloak of flames.
The adder is heavily wounded.
You aren't carrying any potions.
Unknown command.
Okay, then.
You aren't carrying any potions.
Unknown command.
You completely miss the adder.
The adder is heavily wounded.
You die...
Ignis goes out, and joins you in death.

############
#..........#
#.....$....+
#..........#
#..........#
#....S@....#
#.........†#####
#..............#
#............###
#............#
#............#
.........#+#..#
########.#.#..#
..#.#..#


You could see an adder.

Vanquished Creatures
  An adder (D:2)
  2 goblins (D:1)
  4 hobgoblins
  2 kobolds
  5 ball pythons (D:1)
  A bat (D:1)
  2 frilled lizards (D:1)
17 creatures vanquished.

Notes
Turn   | Place    | Note
-------+----------+-------------------------------------------
     0 | D:1      | KennySheep the Mountain Dwarf Cinder Acolyte began the
                  | quest for the Orb.
     0 | D:1      | Reached XP level 1. HP: 19/19 MP: 2/2
   385 | D:1      | Reached skill level 1 in Maces & Flails
   391 | D:1      | Reached XP level 2. HP: 25/26 MP: 3/3
   427 | D:1      | Found a faded altar of an unknown god.
   451 | D:1      | Reached skill level 4 in Axes
   856 | D:2      | Found Ejoiff's Book Shoppe.
   960 | D:2      | HP: 1/27 [adder (3)]
   961 | D:2      | Succumbed to an adder's poison

Illustrated notes

Levels and vault maps discovered:
D:1:      dpeg_arrival_round_b, layout_loops_ring,
          shapermc_ecumenical_altar_mp_urbaneastern
D:2:      layout_basic, serial_shops, shop, shop

Skill      XL: |  1  2 |
---------------+-------+-----
Maces & Flails | 1 |  1.6
Axes           | 4 |  4.1
Fighting       | |  3.8
Spellcasting   | |  1.0
Fire Magic     | |  3.6

Action                     || total
---------------------------++-------
  Melee: Hand axe          ||    82
 Invoke: Fiery Armour      ||     1
 Armour: Robe              ||    55
  Dodge: Dodged            ||    48

Table legend: (Time is in decaauts)
 A = Elapsed time spent in this place.
 B = Non-inter-level travel time spent in this place.
 C = Inter-level travel time spent in this place.
 D = Time resting spent in this place.
 E = Time spent auto-exploring this place.
 F = Levels seen in this place.
 G = Mean time per level.
                   A        B        C        D        E       F      G
               +--------+--------+--------+--------+--------+-----+--------+
         Total |    968 |    912 |     56 |     49 |    664 |   2 |  484.0 |
       Dungeon |    968 |    912 |     56 |     49 |    664 |   2 |  484.0 |
               +--------+--------+--------+--------+--------+-----+--------+

Top non-repeatable levels by time:
     D:1: 861 daAuts
     D:2: 107 daAuts
